Unix NetHack Version 3.7.0-58 Work-in-progress - last build May 9 2022 01:57:28 (68cf6e19034123fb635188453c0de67a0aba65fd,branch:master). Game began 2022-05-12 13:07:19, ended 2022-05-16 18:49:09. ang3l, lawful female dwarven Valkyrie ------ ------- |....| ......| |.....###------- ##|......######-...(| #-...."| #-.<...| ##------ |.f}..| |.....| ......| -.----- ------- Ang3l the Skirmisher St:17 Dx:14 Co:19 In:8 Wi:9 Ch:8 Lawful S:473 Dlvl:5 $:65 HP:0(40) Pw:6(6) AC:5 Xp:3/52 T:1412 Latest messages: Your stomach feels content. You see here 6 gold pieces. The kitten picks up a food ration. $ - 6 gold pieces. The door opens. You miss the gnome zombie. The kitten misses the gnome zombie. You miss the gnome zombie. The kitten drops a food ration. The kitten bites the gnome zombie. The gnome zombie is destroyed! You swap places with your kitten. You see here a food ration. t - a food ration. The kitten picks up a gold piece. u - a yellowish brown gem. The kitten drops a gold piece. Hmmm, the large box turns out to be locked. There is a locked large box here; force its lock? y You force your long sword into a crack and pry. The kitten picks up a gold piece. The kitten drops a gold piece. You succeed in forcing the lock. The kitten picks up a gold piece. v - a topaz ring. You swap places with your kitten. Something is written here in the dust. You read: "ad e? r?um". You see here 6 gold pieces. $ - 6 gold pieces. You swap places with your kitten. You stop. Your kitten is in the way! You hear the chime of a cash register. You find a hidden door. The door resists! The door opens. The kitten drops a gold piece. It won't come off the hinges. You stop. Your kitten is in the way! It won't come off the hinges. You see here a gold piece. $ - a gold piece. You see here 7 gold pieces. $ - 7 gold pieces. You fall into the molten lava! You burn to a crisp... Do you want your possessions identified? n Do you want to see your attributes? n Do you want an account of creatures vanquished? n Do you want to see your conduct and achievements? q Major events: Turn 1: ang3l the lawful dwarven Valkyrie entered the dungeon 911: entered the Gnomish Mines 1071: attained the rank of Skirmisher (level 3) 1412: burned by molten lava Inventory: Coins ('$') $ - 65 gold pieces Weapons (')') b - a +0 dagger (alternate weapon; not wielded) j - a +0 orcish dagger a - a +1 long sword (weapon in hand) Armor ('[') k - an uncursed +0 orcish helm (being worn) Rings ('=') v - a cursed -1 ring of gain strength Tools ('(') n - an uncursed figurine of a coyote Gems/Stones ('*') g - an uncursed worthless piece of white glass u - an uncursed worthless piece of yellowish brown glass Ang3l the Valkyrie's attributes: Background: You were a Skirmisher, a level 3 dwarven Valkyrie. You were lawful, on a mission for Tyr who was opposed by Odin (neutral) and Loki (chaotic). You were in the Dungeons of Doom, on level 5. You entered the dungeon 1412 turns ago. There was a full moon in effect when your adventure ended. You had 52 experience points, 28 more were needed to attain level 4. Your score was 473 before end-of-game adjustments. Basics: You had 0 out of 40 hit points. You had all 6 energy points (spell power). Your armor class was 9. Your wallet contained 65 zorkmids. Autopickup was off. Final Characteristics: Your strength was 17 (limit:18/100). Your dexterity was 14 (limit:20). Your constitution was 19 (limit:20). Your intelligence was 8 (limit:16). Your wisdom was 9 (limit:16). Your charisma was 8 (limit:16). Final Status: You were not hungry. You were unencumbered. You were wielding a long sword. You had basic skill with long sword. Final Attributes: You were devoutly aligned. You were cold resistant. You had infravision. You were invisible. You were stealthy. You were lucky. You are dead. Miscellaneous: You encountered 1 bones level. Total elapsed playing time was 7 minutes and 42 seconds. Vanquished creatures: an acid blob a gas spore a large kobold a giant rat a cave spider a red mold a gnome zombie a jackal 2 kobolds 2 goblins a sewer rat a bat a lichen 15 creatures vanquished. No species were genocided or became extinct. Voluntary challenges: You followed a strict vegan diet. You were illiterate. You never engraved Elbereth. You never genocided any monsters. You never polymorphed an object. You never changed form. You used no wishes. Achievements: You entered the Gnomish Mines. You attained the rank of Skirmisher. The Dungeons of Doom: levels 1 to 5 Level 1: Level 2: A grave. Level 3: A fountain. Stairs down to The Gnomish Mines. Level 4: Level 5: <- You were here. Final resting place for you, burned by molten lava. The Gnomish Mines: Level 4: Final resting place for elenmirie-Hea-Gno-Fem-Neu, killed by a hobbit. Game over: ---------- / \ / REST \ / IN \ / PEACE \ / \ | ang3l | | 65 Au | | burned by molten | | lava | | | | | | 2022 | *| * * * | * _________)/\\_//(\/(/\)/\//\/|_)_______ Farvel ang3l the Valkyrie... You burned in The Dungeons of Doom on dungeon level 5 with 467 points, and 65 pieces of gold, after 1412 moves. You were level 3 with a maximum of 40 hit points when you burned.